 Seeded DCSS version 0.28-a0-657-g71136c5590 (webtiles) character file.

Game seed: 20211011 (custom seed)

963 a11behringer the Cudgeller (level 8, 0/48 HPs)
             Began as a Gargoyle Fighter on Oct 14, 2021.
             Slain by an orc wizard (2 damage)
             ... on level 5 of the Dungeon.
             The game lasted 00:12:53 (4710 turns).

a11behringer the Cudgeller (Gargoyle Fighter)       Turns: 4710, Time: 00:12:54

Health: 0/48       AC: 18    Str: 21    XL:     8   Next: 15%
Magic:  8/8        EV:  6    Int:  9    God:
Gold:   139        SH:  4    Dex: 10    Spells: 7/7 levels left

rFire   . . .      SeeInvis .   a - +0 flail
rCold   . . .      Faith    .   c - +0 buckler
rNeg    + . .      Spirit   .   p - +0 plate armour
rPois   ∞          Reflect  .   (no helmet)
rElec   +          Harm     .   (no cloak)
rCorr   .          Rampage  .   (no gloves)
Will    .....                   (no boots)
Stlth   ..........              (no amulet)
HPRegen 0.16/turn               (no ring)
MPRegen 0.11/turn               (no ring)

@: no status effects
A: sickness immunity, AC +5, negative energy resistance 1, electricity
resistance, torment resistance 1, petrification resistance
a: no special abilities


You were on level 5 of the Dungeon.
You visited 1 branch of the dungeon, and saw 5 of its levels.

You collected 139 gold pieces.

Inventory:

Hand Weapons
 a - a +0 flail (weapon)
 o - a +1 hunting sling of freezing
Missiles
 d - a throwing net (quivered)
 n - 27 bolts
 w - 16 sling bullets
Armour
 b - a +0 scale mail
 c - a +0 buckler (worn)
 p - a +0 plate armour (worn)
Jewellery
 r - a +4 ring of evasion
Wands
 u - a wand of flame (16)
Scrolls
 g - 2 scrolls of noise
 i - 3 scrolls of identify
 j - a scroll of acquirement
 s - a scroll of teleportation {unknown}
 t - a scroll of magic mapping {unknown}
Potions
 e - 2 potions of lignification
 f - a potion of invisibility {unknown}
 h - 2 potions of attraction {unknown}
 k - a potion of curing {unknown}
 l - a potion of degeneration {unknown}
 m - a potion of haste {unknown}
 q - a potion of heal wounds {unknown}
 v - a potion of might


   Skills:
 + Level 4.6 Fighting
 * Level 7.2 Maces & Flails
 + Level 5.5 Armour
 + Level 4.5 Shields


You had 7 spell levels left.
You didn't know any spells.
Your spell library contained the following spells:

 Spells                   Type           Power      Damage    Failure   Level
 Corpse Rot               Necr/Air       N/A        N/A       100%        2
 Poisonous Vapours        Pois/Air       0%         N/A       100%        2


Dungeon Overview and Level Annotations

Branches:
Dungeon (5/15)
 Temple: D:4-7

Altars:
Ashenzari
Cheibriados
Elyvilon
Fedhas
Qazlal
Sif Muna
Wu Jian

Shops:
D:4 (   D:5 ([*


Innate Abilities, Weirdness & Mutations

You are immune to sickness and miasma.
Your stone body is resilient. (AC +5)
You are immune to poison.
You resist negative energy. (rN+)
You are resistant to electric shocks. (rElec)
You are resistant to unholy torment.
You are immune to petrification.


Message History

You barely miss something.
The orc priest hits you with a +0 flail.
* * * LOW HITPOINT WARNING * * *
The orc hits you but does no damage. Something hits you but does no damage.
You closely miss the orc priest.
The orc priest hits you but does no damage.
The orc hits you but does no damage. Something hits you but does no damage.
You closely miss the orc priest.
The orc priest hits you but does no damage.
The orc hits you but does no damage. Something hits you.
* * * LOW HITPOINT WARNING * * *
You hit the orc priest but do no damage.
The orc priest barely misses you. You block the orc's attack.
You block something's attack.
You hit the orc priest.
The orc priest is moderately wounded.
The orc priest looks satisfied for a moment.
The orc hits you with a +0 hand axe.
* * * LOW HITPOINT WARNING * * *
Something hits you but does no damage.
You hit the orc priest.
The orc priest is heavily wounded.
The orc priest hits you but does no damage.
The orc hits you but does no damage. Something hits you but does no damage.
You hit the orc priest.
The orc priest is severely wounded.
The orc priest hits you but does no damage.
You block the orc's attack. Something hits you but does no damage.
You sock the orc priest!
You kill the orc priest!
The orc hits you but does no damage. Something hits you but does no damage.
You hit the orc.
The orc is heavily wounded.
The orc hits you but does no damage. Something hits you but does no damage.
The orc hits you with a +0 hand axe.
* * * LOW HITPOINT WARNING * * *
You barely miss the orc.
The orc is heavily wounded.
The orc closely misses you. Something hits you.
You die...

#.# #!# #.# ######
#.# #.# #.# #.# #
#.# #.# #. #.# ###
#.# #.###.## # †.#
#.# ...#..##.#
#.#######.#
###.#..!#.#####
#.........#
#.o{..........#
###########
#.#@#...#.###.
#o##.[#.#
##?#w###.# #
#......o.#
..............#
####...####.o..o..
##.# #.#####.# #.
.$> #> ....


You could see a worm and 2 orcs.

Vanquished Creatures
  Menkaure (D:4)
  An ice beast (D:5)
  A necrophage (D:5)
  2 black bears (D:4)
  A phantom (D:4)
  Blork the orc (D:4)
  A centaur zombie (D:5)
  A gnoll shaman (D:5)
  An orc priest (D:5)
  4 orc wizards
  A mummy (D:4)
  4 gnolls (D:5)
  3 adders
  2 ufetubi (D:5)
  A worm (D:2)
  A dart slug (D:2)
  8 orcs
  11 endoplasms
  2 giant cockroaches
  5 goblins
  A hobgoblin (D:4)
  A quokka (D:4)
  5 ball pythons
  A bat (D:3)
  2 frilled lizards
  6 kobolds
  5 rats
73 creatures vanquished.

Notes
Turn   | Place    | Note
-------+----------+-------------------------------------------
     0 | D:1      | a11behringer the Gargoyle Fighter began the quest for the
                  | Orb.
     0 | D:1      | Reached XP level 1. HP: 14/14 MP: 1/1
   773 | D:1      | Found a faded altar of an unknown god.
   922 | D:2      | Reached XP level 2. HP: 15/19 MP: 2/2
  1136 | D:2      | Reached XP level 3. HP: 23/23 MP: 3/3
  1590 | D:3      | Reached skill level 3 in Maces & Flails
  1738 | D:3      | Identified a scroll of acquirement
  1791 | D:3      | Reached XP level 4. HP: 12/28 MP: 4/4
  2389 | D:3      | Found a shimmering blue altar of Sif Muna.
  2569 | D:4      | Noticed a black bear
  2575 | D:4      | Killed a black bear
  2576 | D:4      | Reached skill level 4 in Maces & Flails
  2576 | D:4      | Reached XP level 5. HP: 32/33 MP: 5/5
  2582 | D:4      | Found a snail-covered altar of Cheibriados.
  2741 | D:4      | Found a blossoming altar of Fedhas.
  2913 | D:4      | Noticed a phantom
  2939 | D:4      | Killed a phantom
  2940 | D:4      | Reached XP level 6. HP: 14/38 MP: 6/6
  3165 | D:4      | Noticed Blork the orc
  3175 | D:4      | Killed Blork the orc
  3176 | D:4      | Reached skill level 5 in Maces & Flails
  3235 | D:4      | Found Viskat's Weapon Emporium.
  3295 | D:4      | Found a white marble altar of Elyvilon.
  3295 | D:4      | Found an ornate altar of the Wu Jian Council.
  3347 | D:4      | Noticed Menkaure
  3638 | D:4      | Killed Menkaure
  3639 | D:4      | Reached XP level 7. HP: 34/43 MP: 7/7
  3772 | D:4      | Reached skill level 6 in Maces & Flails
  3772 | D:4      | Reached skill level 5 in Armour
  4077 | D:4      | Noticed a fire elemental
  4079 | D:4      | Found a stormy altar of Qazlal.
  4113 | D:4      | Noticed a water elemental
  4113 | D:4      | Noticed an air elemental
  4327 | D:5      | Entered Level 5 of the Dungeon
  4328 | D:5      | Found a broken altar of Ashenzari.
  4373 | D:5      | Reached XP level 8. HP: 31/48 MP: 8/8
  4504 | D:5      | Found Suosmet's Antique Weapon Boutique.
  4505 | D:5      | Found Taunep's Distillery.
  4540 | D:5      | Reached skill level 7 in Maces & Flails
  4565 | D:5      | Found Piurhoed's General Store.
  4569 | D:5      | Found Tuxkeix's Antique Armour Boutique.
  4709 | D:5      | HP: 2/48 [orc (2)]
  4710 | D:5      | Slain by an orc wizard

Illustrated notes

Levels and vault maps discovered:
D:1:      eino_arrival_water_star, layout_basic, chequers_ecumenical_altar_lobes
D:2:      layout_rooms, minmay_misc_feat_x, minmay_misc_feat_tower
D:3:      layout_rooms, lemuel_blue_sif_altar
D:4:      black_bear_nest_2, layout_loops_ring, slow_altar_2,
          nicolae_qazlal_style_of_elements, mainiacjoe_overflow_surrounded_room,
          gammafunk_temple_overflow_elements, minmay_misc_feat_encased,
          nicolae_take_the_stairs, uniq_blork_the_orc, uniq_menkaure
D:5:      layout_loops_ring, nicolae_ashenzari_skybound,
          minmay_shop_grid_forest, uniq_ijyb

Skill      XL: |  1  2  3  4  5  6  7  8 |
---------------+-------------------------+-----
Maces & Flails | 3 4 5 6 7 |  7.2
Armour         | 4 5 |  5.5
Shields        | 4 |  4.5
Fighting       | 4 |  4.6

Action                   |  1- 3 |  4- 6 |  7- 9 || total
-------------------------+-------+-------+-------++-------
Melee: Flail             |   107 |   120 |   144 ||   371
  Use: Scroll            |     4 |       |       ||     4
       Potion            |       |     1 |       ||     1
Armor: Scale mail        |    40 |       |       ||    40
       Plate armour      |    22 |    82 |   113 ||   217
Dodge: Dodged            |    33 |    27 |    48 ||   108
Block: Buckler           |    21 |    31 |    32 ||    84

Table legend: (Time is in decaauts)
 A = Elapsed time spent in this place.
 B = Non-inter-level travel time spent in this place.
 C = Inter-level travel time spent in this place.
 D = Time resting spent in this place.
 E = Time spent auto-exploring this place.
 F = Levels seen in this place.
 G = Mean time per level.
                   A        B        C        D        E       F      G
               +--------+--------+--------+--------+--------+-----+--------+
         Total |   4774 |   4516 |    258 |      0 |   3687 |   5 |  954.8 |
       Dungeon |   4774 |   4516 |    258 |      0 |   3687 |   5 |  954.8 |
               +--------+--------+--------+--------+--------+-----+--------+

Top non-repeatable levels by time:
     D:4: 1579 daAuts
     D:3: 1255 daAuts
     D:1: 921 daAuts
     D:2: 629 daAuts
     D:5: 388 daAuts
